 Dungeon Crawl Stone Soup version 0.28-a0-1347-g113dc556a4 (webtiles) character file.

Game seed: 10154239690309791177

8465 sanka the Basher (level 11, -2/89 HPs)
             Began as a Gnoll Cinder Acolyte on Dec 28, 2021.
             Was a High Priest of Ignis.
             Succumbed to a water moccasin's poison
             ... on level 9 of the Dungeon on Dec 29, 2021.
             The game lasted 00:24:40 (10369 turns).

sanka the Basher (Gnoll Cinder Acolyte)            Turns: 10369, Time: 00:24:40

Health: -2/89      AC: 24    Str: 14    XL:     11   Next: 31%
Magic:  21/21      EV: 10    Int: 17    God:    Ignis [*****.]
Gold:   477        SH:  5    Dex:  8    Spells: 20/23 levels left

rFire   + + .      SeeInvis .   a - +2 broad axe (elec)
rCold   . . .      Faith    .   J - orb {mayhem}
rNeg    . . .      Spirit   .   A - +7 Kryia's mail coat {PotionHeal*2 rC+}
rPois   .          Reflect  +   D - +0 helmet
rElec   .          Harm     .   B - +0 cloak
rCorr   .          Rampage  .   G - +2 pair of gloves
Will    .....                   (no boots)
Stlth   +.........              e - amulet of reflection
HPRegen 0.24/turn               p - +4 ring of protection
MPRegen 0.17/turn               o - ring of fire

@: lethally poisoned (-2 -> -13), attractive
A: fangs 1, strong nose, distributed training
a: Renounce Religion, Fiery Armour, Foxfire Swarm, Rising Flame


You were on level 9 of the Dungeon.
You worshipped Ignis.
Ignis was extremely pleased with you.
You visited 1 branch of the dungeon, and saw 9 of its levels.

You collected 477 gold pieces.


Innate Abilities, Weirdness & Mutations

You have very sharp teeth.
Your uncanny sense of smell can sniff out nearby items.
Your experience applies equally to all skills.


   Skills:
 + Level 9.1 Fighting
 + Level 6.1 Short Blades
 + Level 6.1 Long Blades
 + Level 6.1 Axes
 + Level 9.1 Maces & Flails
 + Level 6.1 Polearms
 + Level 6.1 Staves
 + Level 6.1 Slings
 + Level 6.1 Bows
 + Level 6.1 Crossbows
 + Level 6.1 Throwing
 + Level 6.1 Armour
 + Level 6.1 Dodging
 + Level 6.1 Stealth
 + Level 6.1 Shields
 + Level 6.1 Unarmed Combat
 + Level 6.8 Spellcasting
 + Level 5.1 Conjurations
 + Level 5.1 Hexes
 + Level 5.1 Summonings
 + Level 5.1 Necromancy
 + Level 5.1 Translocations
 + Level 5.1 Transmutations
 + Level 7.6 Fire Magic
 + Level 5.1 Ice Magic
 + Level 5.1 Air Magic
 + Level 5.1 Earth Magic
 + Level 5.1 Poison Magic
 + Level 6.7 Invocations
 + Level 6.1 Evocations


You had 20 spell levels left.
You knew the following spells:

 Your Spells              Type           Power      Damage    Failure   Level
e - Apportation           Tloc           46%        N/A       5%          1
y - Scorch                Fire           94%        2d9       3%          2

Your spell library contained the following spells:

 Spells                   Type           Power      Damage    Failure   Level
 Sublimation of Blood     Necr           23%        N/A       8%          2
 Wereblood                Tmut           23%        N/A       8%          2
 Stone Arrow              Conj/Erth      46%        3d9       16%         3
 Animate Armour           Summ/Erth      46%        N/A       45%         4
 Summon Lightning Spire   Summ/Air       23%        N/A       45%         4
 Alistair's Intoxication  Tmut/Pois      15%        N/A       82%         5
 Storm Form               Tmut/Air       11%        N/A       100%        7
 Summon Hydra             Summ           11%        N/A       100%        7
 Lehudib's Crystal Spear  Conj/Erth      11%        10d4      100%        8
 Maxwell's Capacitive Co  Air            11%        ∞         100%        8

Inventory:

Hand Weapons
 a - a +2 broad axe of electrocution (weapon)
 u - a +2 dagger of venom
 w - a -1 mace of flaming
 K - a +3 vorpal scimitar
 R - a +0 dire flail of venom
Missiles
 m - 30 poisoned darts
Armour
 A - the +7 Kryia's mail coat (worn) {PotionHeal*2 rC+} Potions are twice as effective at healing its wearer. rC: It protects you from cold.
 B - a +0 cloak (worn)
 D - a +0 helmet (worn)
 G - a +2 pair of gloves (worn)
 J - an orb of mayhem (worn)
Magical Staves
 b - a staff of fire
Jewellery
 e - an amulet of reflection (around neck)
 o - a ring of fire (right hand)
 p - a +4 ring of protection (left hand)
 r - a +6 ring of strength
 y - a +6 ring of intelligence
Wands
 f - a wand of iceblast (11)
 g - a wand of mindburst (10)
 z - a wand of paralysis (6)
 C - a wand of polymorph (10)
 H - a wand of flame (20)
Scrolls
 c - a scroll of torment {unknown}
 h - a scroll of immolation {unknown}
 j - a scroll of magic mapping {unknown}
 n - 2 scrolls of enchant weapon
 q - a scroll of vulnerability {!r}
 t - 2 scrolls of teleportation {@r4}
 v - a scroll of summoning {unknown}
 x - a scroll of blinking {unknown}
 E - a scroll of brand weapon {unknown}
 F - a scroll of fog {unknown}
 L - 2 scrolls of enchant armour
Potions
 d - 4 potions of attraction {!q}
 i - 2 potions of degeneration {unknown}
 k - 2 potions of cancellation
 l - 2 potions of curing {unknown}
 s - 3 potions of brilliance
 I - a potion of resistance {unknown}
 M - a potion of berserk rage {unknown}
 N - a potion of lignification {unknown}
 O - a potion of flight {unknown}
 P - a potion of haste {unknown}
 Q - a potion of magic {unknown}

Dungeon Overview and Level Annotations

Branches:
Dungeon (9/15)             Temple (0/1) D:4
   Lair: D:8-11         Orc: D:9-12

Altars:
Cheibriados
Fedhas
Hepliaklqana
Makhleb
Qazlal
Ru
Trog
Zin
The Shining One

Shops:
D:2 :   D:6 *   D:7 ? P. P. .....P ..P.. .♣.. ▒ ♣..♣ ▒. P.P

. ▒.▒▒.♣
...
▒.†g÷♣..?.P
▒▒.<{..♣
▒.....P...
▒......▒f.
▒......▒ .
▒......▒
▒▒▒▒▒▒.▒ ∆
.. .▒


There were no monsters in sight!


Message History

You feel sick.
The water moccasin bites you but does no damage.
The water moccasin bites you.
* * * LOW HITPOINT WARNING * * *
You are lethally poisoned!
The water moccasin poisons you! Something hits you.
* * * LOW HITPOINT WARNING * * *
The water moccasin bites you.
* * * LOW HITPOINT WARNING * * *
You slash the water moccasin!
You kill the water moccasin!
You closely miss something.
* * * LOW HITPOINT WARNING * * *
You feel very sick. Something hits you but does no damage.
Something hits you but does no damage.
You're too confused to attack without stumbling around!
It was a potion of attraction.
You feel attractive to monsters.
* * * LOW HITPOINT WARNING * * *
You feel very sick.
You hear some strange, mumbled words.
A puff of flame appears from out of thin air!
The puff of flame hits you but does no damage.
It was a potion of cancellation.
Your magical effects are unravelling.
You feel magically purged.
You feel less confused.
You die...

Action                   |  1- 3 |  4- 6 |  7- 9 | 10-12 || total
-------------------------+-------+-------+-------+-------++-------
Melee: Mace              |   115 |    82 |       |       ||   197
       Bite              |     9 |     3 |     7 |    15 ||    34
       Dagger            |       |    18 |       |       ||    18
       Scimitar          |       |       |    80 |       ||    80
       Staff             |       |       |     9 |       ||     9
       Morningstar       |       |       |       |    39 ||    39
       Broad axe         |       |       |       |    67 ||    67
       Unarmed           |       |       |       |     1 ||     1
Throw: Dart              |     3 |     6 |       |     1 ||    10
 Cast: Scorch            |     2 |    17 |   127 |    66 ||   212
  Use: Scroll            |       |       |     4 |     2 ||     6
       Potion            |       |       |       |     2 ||     2
Armor: Ring mail         |    42 |    31 |     4 |       ||    77
       Robe              |     1 |       |       |       ||     1
       Scale mail        |       |       |    69 |   128 ||   197
       Skin              |       |       |       |     1 ||     1
Dodge: Dodged            |    45 |    32 |    46 |   119 ||   242
Block: Other             |    25 |    23 |    37 |     2 ||    87
       Reflection        |     1 |       |       |     2 ||     3
       Orb               |       |       |       |    56 ||    56

Levels and vault maps discovered:
D:1:      roderic_chinese_lattice_arrival, layout_basic,
          hellmonk_ecumenical_altar_lost_god, minmay_hexomino_r4
D:2:      layout_loops_corners, serial_shops,
          nicolae_shop_competitors_out_of_business
D:3:      cheibrodos_greedy_goblins, layout_basic, fountainhead
D:4:      layout_basic, nicolae_hepliaklqana_ecumenical_no_more,
          kennysheep_mini, minmay_temple_entry_mist, minmay_misc_feat_iff,
          grunt_ministairs_5, minmay_liquid_box, uniq_blork_the_orc
D:5:      layout_basic, kennysheep_slug_shrine, minmay_misc_feat_diagonals,
          minmay_checkerbox, uniq_duvessa, uniq_prince_ribbit1
D:6:      layout_basic, nicolae_qazlal_scattered_showers, serial_shops, shop,
          kennysheep_generic_room_15
D:7:      layout_basic, mainiacjoe_overflow_paths,
          nicolae_overflow_crystal_walls, mainiacjoe_overflow_catwalk,
          serial_shops, shop_statue, kennysheep_generic_room_14, uniq_joseph
D:8:      layout_cave_pools, nicolae_ru_awakened_eye, lightli_temple_of_fire,
          grunt_decor_junction, minmay_holes, uniq_gastronok
D:9:      layout_loops_cross, nicolae_overflow_hidden_temple,
          amcnicky_altar_gilded, minmay_lair_entry_grove, st_stairs_6

Notes
Turn   | Place    | Note
-------+----------+-------------------------------------------
     0 | D:1      | sanka the Gnoll Cinder Acolyte began the quest for the Orb.
     0 | D:1      | Reached XP level 1. HP: 23/23 MP: 4/4
   134 | D:1      | Found a faded altar of an unknown god.
   244 | D:1      | Reached XP level 2. HP: 29/29 MP: 5/5
   322 | D:1      | Learned a level 2 spell: Scorch
   539 | D:1      | Found a snail-covered altar of Cheibriados.
   833 | D:1      | Reached XP level 3. HP: 35/35 MP: 7/7
  1282 | D:2      | Found Uggofiog's Book Boutique.
  1313 | D:2      | Reached skill level 1 in Invocations
  1685 | D:2      | Noticed an ogre
  1690 | D:2      | Killed an ogre
  1691 | D:2      | Reached skill level 1 in Short Blades
  1691 | D:2      | Reached skill level 1 in Long Blades
  1691 | D:2      | Reached skill level 1 in Axes
  1691 | D:2      | Reached skill level 1 in Polearms
  1691 | D:2      | Reached skill level 1 in Staves
  1691 | D:2      | Reached skill level 1 in Slings
  1691 | D:2      | Reached skill level 1 in Bows
  1691 | D:2      | Reached skill level 1 in Crossbows
  1691 | D:2      | Reached skill level 1 in Throwing
  1691 | D:2      | Reached skill level 1 in Armour
  1691 | D:2      | Reached skill level 1 in Dodging
  1691 | D:2      | Reached skill level 1 in Stealth
  1691 | D:2      | Reached skill level 1 in Shields
  1691 | D:2      | Reached skill level 1 in Unarmed Combat
  1691 | D:2      | Reached skill level 3 in Spellcasting
  1691 | D:2      | Reached skill level 1 in Conjurations
  1691 | D:2      | Reached skill level 1 in Hexes
  1691 | D:2      | Reached skill level 1 in Summonings
  1691 | D:2      | Reached skill level 1 in Necromancy
  1691 | D:2      | Reached skill level 1 in Translocations
  1691 | D:2      | Reached skill level 1 in Transmutations
  1691 | D:2      | Reached skill level 1 in Ice Magic
  1691 | D:2      | Reached skill level 1 in Air Magic
  1691 | D:2      | Reached skill level 1 in Earth Magic
  1691 | D:2      | Reached skill level 1 in Poison Magic
  1691 | D:2      | Reached skill level 1 in Evocations
  1691 | D:2      | Reached XP level 4. HP: 41/41 MP: 3/8
  1691 | D:2      | Reached XP level 5. HP: 47/47 MP: 3/9
  3166 | D:4      | Reached skill level 2 in Invocations
  3166 | D:4      | Reached XP level 6. HP: 53/53 MP: 5/11
  3272 | D:4      | Noticed Blork the orc
  3287 | D:4      | Killed Blork the orc
  3288 | D:4      | Reached skill level 2 in Short Blades
  3288 | D:4      | Reached skill level 2 in Long Blades
  3288 | D:4      | Reached skill level 2 in Axes
  3288 | D:4      | Reached skill level 2 in Polearms
  3288 | D:4      | Reached skill level 2 in Staves
  3288 | D:4      | Reached skill level 2 in Slings
  3288 | D:4      | Reached skill level 2 in Bows
  3288 | D:4      | Reached skill level 2 in Crossbows
  3288 | D:4      | Reached skill level 2 in Throwing
  3288 | D:4      | Reached skill level 2 in Armour
  3288 | D:4      | Reached skill level 2 in Dodging
  3288 | D:4      | Reached skill level 2 in Stealth
  3288 | D:4      | Reached skill level 2 in Shields
  3288 | D:4      | Reached skill level 2 in Unarmed Combat
  3288 | D:4      | Reached skill level 2 in Evocations
  3490 | D:4      | Reached XP level 7. HP: 59/59 MP: 9/12
  3512 | D:4      | Found a staircase to the Ecumenical Temple.
  3546 | D:4      | Reached skill level 7 in Fighting
  3546 | D:4      | Reached skill level 7 in Maces & Flails
  3558 | D:4      | Reached skill level 2 in Conjurations
  3558 | D:4      | Reached skill level 2 in Hexes
  3558 | D:4      | Reached skill level 2 in Summonings
  3558 | D:4      | Reached skill level 2 in Necromancy
  3558 | D:4      | Reached skill level 2 in Translocations
  3558 | D:4      | Reached skill level 2 in Transmutations
  3558 | D:4      | Reached skill level 2 in Ice Magic
  3558 | D:4      | Reached skill level 2 in Air Magic
  3558 | D:4      | Reached skill level 2 in Earth Magic
  3558 | D:4      | Reached skill level 2 in Poison Magic
  3789 | D:4      | Found a glowing silver altar of Zin.
  3956 | D:4      | Found the +7 Kryia's mail coat {PotionHeal*2 rC+}
  4204 | D:4      | Reached skill level 3 in Invocations
  4266 | D:4      | Found a faded altar of an unknown god.
  4271 | D:4      | Found a faded altar of an unknown god.
  4273 | D:4      | Found a hazy altar of Hepliaklqana.
  4319 | D:4      | Reached skill level 4 in Spellcasting
  4717 | D:5      | Entered Level 5 of the Dungeon
  4725 | D:5      | Reached skill level 6 in Fire Magic
  4725 | D:5      | Reached XP level 8. HP: 67/67 MP: 7/14
  4783 | D:5      | Noticed Dowan
  4858 | D:5      | Reached skill level 3 in Short Blades
  4858 | D:5      | Reached skill level 3 in Long Blades
  4858 | D:5      | Reached skill level 3 in Axes
  4858 | D:5      | Reached skill level 3 in Polearms
  4858 | D:5      | Reached skill level 3 in Staves
  4858 | D:5      | Reached skill level 3 in Slings
  4858 | D:5      | Reached skill level 3 in Bows
  4858 | D:5      | Reached skill level 3 in Crossbows
  4858 | D:5      | Reached skill level 3 in Throwing
  4858 | D:5      | Reached skill level 3 in Armour
  4858 | D:5      | Reached skill level 3 in Dodging
  4858 | D:5      | Reached skill level 3 in Stealth
  4858 | D:5      | Reached skill level 3 in Shields
  4858 | D:5      | Reached skill level 3 in Unarmed Combat
  4858 | D:5      | Reached skill level 3 in Evocations
  5005 | D:5      | Found a snail-covered altar of Cheibriados.
  5005 | D:5      | Noticed Duvessa
  5025 | D:5      | Killed Duvessa
  5035 | D:5      | Killed Dowan
  5370 | D:5      | Reached skill level 3 in Conjurations
  5370 | D:5      | Reached skill level 3 in Hexes
  5370 | D:5      | Reached skill level 3 in Summonings
  5370 | D:5      | Reached skill level 3 in Necromancy
  5370 | D:5      | Reached skill level 3 in Translocations
  5370 | D:5      | Reached skill level 3 in Transmutations
  5370 | D:5      | Reached skill level 3 in Ice Magic
  5370 | D:5      | Reached skill level 3 in Air Magic
  5370 | D:5      | Reached skill level 3 in Earth Magic
  5370 | D:5      | Reached skill level 3 in Poison Magic
  5370 | D:5      | Reached skill level 4 in Invocations
  5535 | D:5      | Reached XP level 9. HP: 72/72 MP: 11/16
  5603 | D:5      | Noticed Prince Ribbit
  5608 | D:5      | Killed Prince Ribbit
  5824 | D:5      | Reached skill level 4 in Short Blades
  5824 | D:5      | Reached skill level 4 in Long Blades
  5824 | D:5      | Reached skill level 4 in Axes
  5824 | D:5      | Reached skill level 4 in Polearms
  5824 | D:5      | Reached skill level 4 in Staves
  5824 | D:5      | Reached skill level 4 in Slings
  5824 | D:5      | Reached skill level 4 in Bows
  5824 | D:5      | Reached skill level 4 in Crossbows
  5824 | D:5      | Reached skill level 4 in Throwing
  5824 | D:5      | Reached skill level 4 in Armour
  5824 | D:5      | Reached skill level 4 in Dodging
  5824 | D:5      | Reached skill level 4 in Stealth
  5824 | D:5      | Reached skill level 4 in Shields
  5824 | D:5      | Reached skill level 4 in Unarmed Combat
  5824 | D:5      | Reached skill level 5 in Spellcasting
  5824 | D:5      | Reached skill level 4 in Evocations
  6025 | D:6      | Found Qetufoon's General Store.
  6222 | D:6      | Found a stormy altar of Qazlal.
  6601 | D:6      | Reached skill level 8 in Fighting
  6601 | D:6      | Reached skill level 8 in Maces & Flails
  7077 | D:6      | Reached skill level 5 in Invocations
  7550 | D:7      | Found Ufucef's Magic Scroll Shoppe.
  7664 | D:7      | Noticed a deep elf pyromancer
  7690 | D:7      | Killed a deep elf pyromancer
  7691 | D:7      | Reached skill level 4 in Conjurations
  7691 | D:7      | Reached skill level 4 in Hexes
  7691 | D:7      | Reached skill level 4 in Summonings
  7691 | D:7      | Reached skill level 4 in Necromancy
  7691 | D:7      | Reached skill level 4 in Translocations
  7691 | D:7      | Reached skill level 4 in Transmutations
  7691 | D:7      | Reached skill level 4 in Ice Magic
  7691 | D:7      | Reached skill level 4 in Air Magic
  7691 | D:7      | Reached skill level 4 in Earth Magic
  7691 | D:7      | Reached skill level 4 in Poison Magic
  7691 | D:7      | Reached XP level 10. HP: 80/80 MP: 9/18
  7764 | D:7      | Found a blossoming altar of Fedhas.
  7780 | D:7      | Noticed Joseph
  7852 | D:7      | Killed Joseph
  7853 | D:7      | Reached skill level 5 in Short Blades
  7853 | D:7      | Reached skill level 5 in Long Blades
  7853 | D:7      | Reached skill level 5 in Axes
  7853 | D:7      | Reached skill level 5 in Polearms
  7853 | D:7      | Reached skill level 5 in Staves
  7853 | D:7      | Reached skill level 5 in Slings
  7853 | D:7      | Reached skill level 5 in Bows
  7853 | D:7      | Reached skill level 5 in Crossbows
  7853 | D:7      | Reached skill level 5 in Throwing
  7853 | D:7      | Reached skill level 5 in Armour
  7853 | D:7      | Reached skill level 5 in Dodging
  7853 | D:7      | Reached skill level 5 in Stealth
  7853 | D:7      | Reached skill level 5 in Shields
  7853 | D:7      | Reached skill level 5 in Unarmed Combat
  7853 | D:7      | Reached skill level 7 in Fire Magic
  7853 | D:7      | Reached skill level 5 in Evocations
  7855 | D:7      | Upgraded the game from 0.28-a0-1339-ga5422284a4 to
                  | 0.28-a0-1347-g113dc556a4
  8420 | D:7      | Found a burning altar of Makhleb.
  8547 | D:7      | Found a glowing golden altar of the Shining One.
  8561 | D:7      | Reached skill level 6 in Spellcasting
  8682 | D:7      | Identified the +8 ring mail "Kucy" {Fly rElec}
  8691 | D:7      | Learned a level 1 spell: Apportation
  8881 | D:8      | Found a sacrificial altar of Ru.
  8998 | D:8      | Noticed a two-headed ogre
  9005 | D:8      | Noticed Gastronok
  9008 | D:8      | Killed a two-headed ogre
  9009 | D:8      | Reached skill level 6 in Invocations
  9165 | D:8      | Killed Gastronok
  9344 | D:8      | Reached XP level 11. HP: 68/87 MP: 8/20
  9623 | D:8      | Found a bloodstained altar of Trog.
  9930 | D:9      | Reached skill level 9 in Fighting
  9930 | D:9      | Reached skill level 6 in Short Blades
  9930 | D:9      | Reached skill level 6 in Long Blades
  9930 | D:9      | Reached skill level 6 in Axes
  9930 | D:9      | Reached skill level 9 in Maces & Flails
  9930 | D:9      | Reached skill level 6 in Polearms
  9930 | D:9      | Reached skill level 6 in Staves
  9930 | D:9      | Reached skill level 6 in Slings
  9930 | D:9      | Reached skill level 6 in Bows
  9930 | D:9      | Reached skill level 6 in Crossbows
  9930 | D:9      | Reached skill level 6 in Throwing
  9930 | D:9      | Reached skill level 6 in Armour
  9930 | D:9      | Reached skill level 6 in Dodging
  9930 | D:9      | Reached skill level 6 in Stealth
  9930 | D:9      | Reached skill level 6 in Shields
  9930 | D:9      | Reached skill level 6 in Unarmed Combat
  9930 | D:9      | Reached skill level 6 in Evocations
  9932 | D:9      | Reached skill level 5 in Conjurations
  9932 | D:9      | Reached skill level 5 in Hexes
  9932 | D:9      | Reached skill level 5 in Summonings
  9932 | D:9      | Reached skill level 5 in Necromancy
  9932 | D:9      | Reached skill level 5 in Translocations
  9932 | D:9      | Reached skill level 5 in Transmutations
  9932 | D:9      | Reached skill level 5 in Ice Magic
  9932 | D:9      | Reached skill level 5 in Air Magic
  9932 | D:9      | Reached skill level 5 in Earth Magic
  9932 | D:9      | Reached skill level 5 in Poison Magic
  9946 | D:8      | HP: 1/89 [basilisk (11)]
  9976 | D:8      | HP: 3/89 [yak (5)]
 10367 | D:9      | HP: 3/89 [poisoned by a water moccasin]
 10368 | D:9      | HP: 1/89 [poisoned by a water moccasin]
 10369 | D:9      | Succumbed to a water moccasin's poison

Vanquished Creatures
  Gastronok (D:8)
  A two-headed ogre (D:8)
  A deep elf pyromancer (D:7)
  Joseph (D:7)
  A hornet (D:8)
  Prince Ribbit (D:5)
  5 yaks
  A basilisk (D:8)
  2 wyverns
  An acid dragon (D:8)
  Duvessa (D:5)
  3 water moccasins
  A hornet zombie (D:7)
  2 orc warriors (D:8)
  3 sky beasts (D:5)
  3 black bears
  4 necrophages
  An ice beast (D:5)
  4 ogres
  2 centaurs
  2 kobold brigands
  Blork the orc (D:4)
  2 bullfrogs
  5 scorpions
  Dowan (D:5)
  A water moccasin skeleton (D:5)
  4 howler monkeys
  A centaur zombie (D:6)
  A bullfrog skeleton (D:7)
  A jelly (D:5)
  5 hounds
  3 orc priests
  A gnoll shaman (D:6)
  2 centaur skeletons
  6 iguanas
  4 orc wizards
  A scorpion zombie (D:5)
  A killer bee zombie (D:7)
  A howler monkey zombie (D:8)
  7 adders
  6 gnolls
  3 ufetubi
  An adder skeleton (D:4)
  A worm (D:2)
  2 dart slugs
  23 orcs
  17 ball pythons
  5 endoplasms
  5 giant cockroaches
  13 goblins
  10 hobgoblins
  2 jackals (D:2)
  A quokka (D:4)
  7 bats
  4 frilled lizards
  14 kobolds
  5 rats
208 creatures vanquished.

Vanquished Creatures (collateral kills)
  A basilisk (D:9)
  A yak (D:9)
  A water moccasin (D:9)
  4 orcs
  2 kobolds (D:7)
9 creatures vanquished.

Vanquished Creatures (others)
  A kobold (D:7)
  A fungus (D:9)
  8 plants
10 creatures vanquished.

Grand Total: 227 creatures vanquished
